 Dungeon Crawl Stone Soup version 0.29-a0-824-gd827844252 (webtiles) character file.

Game seed: 8349174966161173567

81 lunkers the Trooper (level 5, 0/47 HPs)
             Began as a Meteoran Fighter on July 10, 2022.
             Slain by an orc
             ... wielding a +0 flail
              (5 damage)
             ... on level 5 of the Dungeon.
             The game lasted 00:02:18 (844 turns).

lunkers the Trooper (Meteoran Fighter)               Turns: 844, Time: 00:02:19

Health: 0/47       AC:  6    Str: 17    XL:     5   Next: 0%
Magic:  6/6        EV:  9    Int: 12    God:
Gold:   88         SH:  5    Dex: 13    Spells: 4/4 levels left

rFire   . . .      SeeInvis +   k - +2 dagger (drain)
rCold   . . .      Faith    .   c - +0 buckler
rNeg    . . .      Spirit   .   b - +0 scale mail
rPois   .          Reflect  .   (no helmet)
rElec   .          Harm     .   (no cloak)
rCorr   .          Rampage  .   (no gloves)
Will    .....                   (no boots)
Stlth   ..........              (no amulet)
HPRegen 0.15/turn               r - ring of see invisible
MPRegen 0.10/turn               (no ring)

@: mighty, glowing
A: sense surroundings 1, otherworldly, glowing, explore regen
a: no special abilities


You were on level 5 of the Dungeon.
You visited 1 branch of the dungeon, and saw 4 of its levels.

You collected 88 gold pieces.

Inventory:

Hand Weapons
 a - a +0 war axe
 k - a +2 dagger of draining (weapon)
 n - a +3 dagger
Armour
 b - a +0 scale mail (worn)
 c - a +0 buckler (worn)
Jewellery
 r - a ring of see invisible (left hand)
Scrolls
 e - a scroll of magic mapping
 g - a scroll of amnesia {unknown}
 h - a scroll of fog
 j - a scroll of teleportation
 l - 2 scrolls of identify {unknown}
 m - a scroll of poison {unknown}
 p - a scroll of immolation {unknown}
Potions
 f - a potion of berserk rage {unknown}
 i - 2 potions of degeneration {unknown}
 o - a potion of curing {unknown}
 q - a potion of flight {unknown}


   Skills:
 + Level 4.6 Fighting
 - Level 4.1 Axes
 - Level 3.6 Armour
 - Level 3.6 Shields


You had 4 spell levels left.
You didn't know any spells.
Your spell library was empty.

Dungeon Overview and Level Annotations

Branches:
Dungeon (3/15) Zot: 1528   Temple (0/1) D:5

Altars:


Innate Abilities, Weirdness & Mutations

You passively map a small area around you.
You are easily found by Zot.
You glow in the dark.
You regain HP and MP as you explore.


Message History

The ufetubus closely misses you. You block the ufetubus's attack.
The orc wizard gestures wildly while chanting.
The orc wizard flickers and vanishes for a moment.
The ufetubus attacks as you move away! The ufetubus closely misses you.
The ufetubus hits you but does no damage.
The ufetubus barely misses you.
The ufetubus hits you but does no damage.
The ufetubus attacks as you move away! You block the ufetubus's attack.
The ufetubus hits you but does no damage.
You closely miss the ufetubus.
The ufetubus is severely wounded.
The ufetubus closely misses you. The ufetubus hits you.
* * * LOW HITPOINT WARNING * * *
The ufetubus closely misses you. The ufetubus barely misses you.
As you read the scroll labelled PAXEYVU QUCE, it crumbles to dust.
You feel aware of your surroundings.
It was a scroll of magic mapping.
You block the ufetubus's attack. The ufetubus barely misses you.
Unknown command.
As you read the scroll labelled GOMMAU EGIAMU, it crumbles to dust.
The scroll dissolves into smoke.
It was a scroll of fog.
The ufetubus hits you but does no damage.
The ufetubus hits you.
* * * LOW HITPOINT WARNING * * *
You block the ufetubus's attack. The ufetubus closely misses you.
As you read the scroll labelled LUDOLE ONEAL, it crumbles to dust.
You feel strangely unstable.
It was a scroll of teleportation.
You block the ufetubus's attack. The ufetubus misses you.
The ufetubus barely misses you.
The ufetubus hits you but does no damage.
You block the ufetubus's attack.
The ufetubus hits you but does no damage.
The ufetubus attacks as you move away! The ufetubus hits you.
* * * LOW HITPOINT WARNING * * *
You block the ufetubus's attack.
Your surroundings suddenly seem different.
An orc comes into view. It is wielding a +0 flail.
Found 2 scrolls labelled HUL XIONGAL.
The orc shouts!
The orc hits you with a +0 flail.
You die...

*,*,* #.##*,*,*
*,*,*
*****.###.#,*
**,*,*
*,,,,,.....,*
,,,*,*
*,,,,,.....,*
****,*
*,,**,,...#**
*,***,,****#?.#
*,,,,,,,,,*#..#
*********,*#..#
*,*#o@# *,*#..#
**,*#..# *******
**,,,#..# ,,,,,,*
*,,,,...#
*****,****,,,....#
,,,,,,,,,,,>,...##
*****,*****,..#.*
*,**,,,,*,,,*


You could see an orc.

Vanquished Creatures
  3 adders
  A worm (D:2)
  3 dart slugs
  An orc (D:3)
  3 ball pythons (D:2)
  3 endoplasms
  3 giant cockroaches
  3 goblins
  3 hobgoblins (D:2)
  4 jackals (D:3)
  A quokka (D:3)
  5 bats
  A frilled lizard (D:2)
  5 kobolds
  3 rats (D:2)
42 creatures vanquished.

Notes
Turn   | Place    | Note
-------+----------+-------------------------------------------
     0 | D:1      | lunkers the Meteoran Fighter began the quest for the Orb.
     0 | D:1      | Reached XP level 1. HP: 19/19 MP: 2/2
   117 | D:1      | Reached XP level 2. HP: 24/26 MP: 3/3
   404 | D:2      | Reached XP level 3. HP: 21/31 MP: 4/4
   468 | D:2      | Found a faded altar of an unknown god.
   478 | D:2      | Reached XP level 4. HP: 40/40 MP: 5/5
   815 | D:3      | Reached XP level 5. HP: 42/47 MP: 6/6
   820 | D:3      | You fall into a shaft and drop 2 floors!
   820 | D:5      | Entered Level 5 of the Dungeon
   844 | D:5      | Slain by an orc

Illustrated notes

Levels and vault maps discovered:
D:1:      dpeg_arrival_chambers_temple_mockup, layout_loops_ring,
          chequers_arboretum, minmay_misc_feat_ornament, fountainhead
D:2:      layout_rooms, serial_rivers, chequers_serial_rivers_large_a,
          chequers_serial_rivers_small_b, chequers_serial_rivers_room_b,
          chequers_serial_rivers_micro_e, ebering_ecumenical_altar_mist,
          minmay_misc_feat_square
D:3:      layout_rooms, serial_shops, shop, uniq_ijyb, uniq_sigmund
D:5:      layout_loops_ring, minmay_temple_entry_large_hall, uniq_pikel,
          uniq_edmund, uniq_eustachio, uniq_prince_ribbit1

Skill      XL: |  1  2  3  4 |
---------------+-------------+-----
Axes           | 3 4 |  4.1
Fighting       | 4 |  4.6
Armour         | |  3.6
Shields        | |  3.6

Action                   |  1- 3 |  4- 6 || total
-------------------------+-------+-------++-------
Melee: War axe           |    61 |     8 ||    69
       Dagger            |       |    52 ||    52
  Use: Scroll            |       |     3 ||     3
       Potion            |       |     1 ||     1
Armor: Scale mail        |    41 |    48 ||    89
Dodge: Dodged            |    12 |    27 ||    39
Block: Buckler           |    13 |    28 ||    41

Table legend: (Time is in decaauts)
 A = Elapsed time spent in this place.
 B = Non-inter-level travel time spent in this place.
 C = Inter-level travel time spent in this place.
 D = Time resting spent in this place.
 E = Time spent auto-exploring this place.
 F = Levels seen in this place.
 G = Mean time per level.
                   A        B        C        D        E       F      G
               +--------+--------+--------+--------+--------+-----+--------+
         Total |    870 |    804 |     66 |      0 |    466 |   4 |  217.5 |
       Dungeon |    870 |    804 |     66 |      0 |    466 |   4 |  217.5 |
               +--------+--------+--------+--------+--------+-----+--------+

Top non-repeatable levels by time:
     D:1: 395 daAuts
     D:2: 326 daAuts
     D:3: 124 daAuts
     D:5: 24 daAuts
